 Dungeon Crawl Stone Soup version 0.24.0-41-g2ae2f7f1be (console) character file.

Game seed: 7753354279664641972, levelgen mode: deterministic

214 Kagalorn the Changer (level 5, 0/42 HPs)
             Began as a Draconian Transmuter on Dec 9, 2019.
             Slain by an orc
             ... wielding a +0 dagger
              (2 damage)
             ... on level 3 of the Dungeon.
             The game lasted 00:06:21 (2199 turns).

Kagalorn the Changer (Draconian Transmuter)         Turns: 2199, Time: 00:06:21

Health: 0/42       AC:  5    Str: 13    XL:     5   Next: 60%
Magic:  8/8        EV: 12    Int: 19    God:
Gold:   143        SH:  0    Dex: 11    Spells: 4/8 levels left

rFire    + . .     SeeInvis .     - Unarmed
rCold    + . .     Gourm    .   (no shield)
rNeg     . . .     Faith    .   (armour unavailable)
rPois    .         Spirit   .   (helmet restricted)
rElec    .         Reflect  .   d - scarf {rC+ rF+}
rCorr    .         Harm     .   (no gloves)
MR       .....                  (no boots)
Stlth    +.........             (no amulet)
HPRegen  0.14/turn              (no ring)
MPRegen  0.11/turn              (no ring)

@: brilliant, flying
A: unfitting armour, cold-blooded, AC +5
a: no special abilities


You were on level 3 of the Dungeon.
You were not hungry.

You visited 1 branch of the dungeon, and saw 3 of its levels.

You collected 143 gold pieces.

Inventory:

Armour
 d - a scarf of resistance (worn)
Jewellery
 h - a +5 ring of strength {unknown}
 i - an uncursed ring of flight {unknown}
 n - an uncursed ring of wizardry {unknown}
 q - a +2 ring of intelligence {unknown}
 r - an uncursed ring of resist corrosion {unknown}
Scrolls
 b - a scroll of remove curse {unknown}
 e - a scroll of magic mapping {unknown}
 j - a scroll of noise {unknown}
 k - a scroll of immolation {unknown}
 l - 2 scrolls of enchant armour {unknown}
 o - 3 scrolls of identify {unknown}
 s - 2 scrolls of fog {unknown}
Potions
 a - a potion of invisibility {unknown}
 f - a potion of curing
 g - 2 potions of flight
 m - a potion of lignification {unknown}
 p - a potion of brilliance
Comestibles
 c - 3 rations
 t - 2 chunks of flesh


   Skills:
 + Level 2.5 Fighting
 - Level 1.7 Dodging
 - Level 3.0 Unarmed Combat
 - Level 2.0 Spellcasting
 * Level 5.4 Transmutations
 + Level 0.5 Poison Magic


You had 4 spell levels left.
You knew the following spells:

 Your Spells              Type           Power        Failure   Level  Hunger
a - Beastly Appendage     Tmut           ####..       1%          1    #......
b - Spider Form           Tmut/Pois      ###.......   1%          3    ###....

Your spell library contained the following spells:

 Spells                   Type           Power        Failure   Level  Hunger
 Sticks to Snakes         Tmut           ####....     1%          2    ###....
 Ice Form                 Ice/Tmut       ###.....     7%          4    #####..
 Blade Hands              Tmut           ####......   6%          5    ######.


Dungeon Overview and Level Annotations

Branches:
Dungeon (3/15)

Altars:
Trog
Xom


Innate Abilities, Weirdness & Mutations

Your plain brown scales are hard. (AC +5)
You cannot fit into any form of body armour.
You are cold-blooded and may be slowed by cold attacks.


Message History

The orc is lightly wounded.
The orc hits you but does no damage.
You barely miss the orc. You claw the orc, but do no damage.
The orc is lightly wounded.
The orc closely misses you.
You hit the orc but do no damage.
The orc is lightly wounded.
The orc hits you but does no damage.
You hit the orc. You claw the orc, but do no damage. You punch the orc.
The orc is severely wounded.
The orc closely misses you.
You hit the orc but do no damage.
The orc is severely wounded.
The orc hits you but does no damage.
You barely miss the orc. You claw the orc, but do no damage.
Your tail-slap misses the orc.
The orc is severely wounded.
Your talons disappear.
The orc hits you with a +0 dagger.
You die...

...o..o....#### #.......#
#........ #.#####.# # #.#######
#####.#####.# # #.# #.)<.....##.#
# ####.# #)###.##.##.# # #....##
#)# #.##.##.### . #._...# #†#
#.......... .. #.....#
####÷############# ...
###...#####@.......##......(
#..####.....[.)o##.##.#))..(....
.#..................#.###........
......[..........#...## ##.......
.........>.........##.###........
....####...####...#....#.........
.## #................<........
#...###.##.#..##.....##### #...#
#. #.#..##....##


You could see an orc.

Vanquished Creatures
  An orc priest (D:3)
  2 orc wizards (D:3)
  Terence (D:3)
  3 adders
  2 oozes (D:2)
  2 worms (D:3)
  6 orcs (D:3)
  3 bats
  3 giant cockroaches (D:2)
  8 goblins
  6 hobgoblins
  4 jackals (D:3)
  A quokka (D:3)
  4 frilled lizards (D:1)
  10 kobolds
  2 rats (D:1)
58 creatures vanquished.

Notes
Turn   | Place    | Note
-------+----------+-------------------------------------------
     0 | D:1      | Kagalorn the Draconian Transmuter began the quest for the
                  | Orb.
     0 | D:1      | Reached XP level 1. HP: 16/16 MP: 3/3
   160 | D:1      | Reached XP level 2. HP: 20/23 MP: 5/5
   751 | D:2      | Reached skill level 3 in Transmutations
   884 | D:2      | Found a bloodstained altar of Trog.
   936 | D:2      | Reached XP level 3. HP: 24/28 MP: 6/6
  1391 | D:2      | Reached skill level 4 in Transmutations
  1543 | D:3      | Reached XP level 4. HP: 35/36 MP: 7/7
  1663 | D:3      | Noticed Terence
  1669 | D:3      | Learned a level 3 spell: Spider Form
  1678 | D:3      | Killed Terence
  1680 | D:3      | Found a shimmering altar of Xom.
  2092 | D:3      | Reached XP level 5. HP: 28/41 MP: 6/8
  2115 | D:3      | Reached skill level 5 in Transmutations
  2183 | D:3      | HP: 2/42 [adder (1)]
  2190 | D:3      | HP: 1/42 [orc/+0 dagger (4)]
  2199 | D:3      | Slain by an orc

Levels and vault maps discovered:
D:1:      roderic_crop_circles_arrival_small, layout_basic
D:2:      layout_loops_ring, lemuel_round_altar
D:3:      minmay_thinvault, layout_loops_cross, brannock_xom_greatest_gift,
          cheibrodos_sewer_entry_bend, uniq_sigmund, uniq_terence, uniq_jessica

Skill      XL: |  1  2  3  4  5 |
---------------+----------------+-----
Transmutations | 3 4 5 |  5.4
Fighting       | 2 |  2.5
Dodging        | |  1.7
Unarmed Combat | |  3.0
Spellcasting   | |  2.0
Poison Magic   | |  0.5

Action                   |  1- 3 |  4- 6 || total
-------------------------+-------+-------++-------
Melee: Unarmed           |   153 |   138 ||   291
       Tailslap          |    16 |     7 ||    23
       Punch             |     2 |     1 ||     3
       Headbutt          |     4 |     4 ||     8
       Kick              |     2 |     8 ||    10
 Cast: Beastly Appendage |     7 |     8 ||    15
       Spider Form       |       |     3 ||     3
  Use: Potion            |       |     3 ||     3
 Stab: Sleeping          |     1 |       ||     1
  Eat: Chunk             |     2 |     3 ||     5
Armor: Skin              |    27 |    26 ||    53
Dodge: Dodged            |    72 |    85 ||   157
